PBL
NEW JERSEY DEVILS @ BROCKTON ROX
10/13/2044
 
TOP OF THE 1ST
University of Nebraska Cornhuskers batting - Pitching for University of Southern California Trojans : LHP Adam Mallow
Pitching: LHP Adam Mallow
Batting: SHB Ian Arlotta 0-0: Called Strike
0-1: Ball
1-1: Ball
2-1: Ball
3-1: Foul Ball, location: 2F
3-2: SINGLE (Groundball, 56D, EV 95.0 MPH)
Batting: RHB Eric Erickson 0-0: Called Strike
0-1: Called Strike
0-2: Ball
1-2: Ball
2-2: Foul Ball, location: 2F
2-2: Foul Ball, location: 2F
2-2: Foul Ball, location: 2F
2-2: Fly out, F8 (Flyball, 89S, EV 85.0 MPH)
Batting: LHB Justin Alworth 0-0: Swinging Strike
0-1: Called Strike
0-2: Ball
1-2: Foul Ball, location: 2F
1-2: Ball
2-2: Foul Ball, location: 2F
2-2: Fly out, F9 (Flyball, 89S, EV 83.1 MPH)
Batting: SHB Hank Arias 0-0: Ball
1-0: Ball
Ian Arlotta is caught stealing 2nd base 2-4
Top of the 1st over - 0 runs, 1 hit, 0 errors, 0 left on base; University of Nebraska 0 - University of Southern California 0
BOTTOM OF THE 1ST
University of Southern California Trojans batting - Pitching for University of Nebraska Cornhuskers : LHP Valentin Ciubotariu
Pitching: LHP Valentin Ciubotariu
Batting: RHB Hector Fernandez 0-0: Called Strike
0-1: Foul Ball, location: 2F
0-2: Foul Ball, location: 2F
0-2: Strikes out swinging
Batting: LHB Jose Chavez 0-0: Ball
1-0: Ground out 4-3 (Groundball, 4, EV 83.1 MPH)
Batting: LHB Brian Dickeson 0-0: Called Strike
0-1: Foul Ball, location: 2F
0-2: Ball
1-2: Ball
2-2: Ball
3-2: Fly out, F6 (Line Drive, 6, EV 63.8 MPH)
Bottom of the 1st over - 0 runs, 0 hits, 0 errors, 0 left on base; University of Nebraska 0 - University of Southern California 0
TOP OF THE 2ND
University of Nebraska Cornhuskers batting - Pitching for University of Southern California Trojans : LHP Adam Mallow
Batting: SHB Hank Arias 0-0: Hit by Pitch
Batting: RHB Mark Cahill 0-0: Called Strike
0-1: Ball
1-1: Foul Ball, location: 2F
1-2: Ball
2-2: Fly out, F7 (Line Drive, 7, EV 109.4 MPH)
Batting: RHB Geoff Musico 0-0: Ball
1-0: Foul Ball, location: 2F
1-1: Ball
2-1: Foul Ball, location: 2F
2-2: Foul Ball, location: 2F
2-2: Strikes out swinging
Batting: RHB Nick Mueller 0-0: Called Strike
0-1: Ball
1-1: Ball
2-1: Foul Ball, location: 2F
2-2: Strikes out swinging
Top of the 2nd over - 0 runs, 0 hits, 0 errors, 1 left on base; University of Nebraska 0 - University of Southern California 0
BOTTOM OF THE 2ND
University of Southern California Trojans batting - Pitching for University of Nebraska Cornhuskers : LHP Valentin Ciubotariu
Batting: LHB Elijah Benton 0-0: Called Strike
0-1: Ball
1-1: Foul Ball, location: 2F
1-2: Ball
2-2: Ball
3-2: DOUBLE (Line Drive, 8RXD, EV 104.4 MPH)
Batting: RHB Steve Barnard 0-0: Ball
1-0: Fly out, F9 (Flyball, 9, EV 78.1 MPH)
Batting: RHB Bill Cabrera 0-0: Swinging Strike
0-1: Called Strike
0-2: Ball
1-2: Ball
2-2: Foul Ball, location: 2F
2-2: SINGLE (Groundball, 4M, EV 96.9 MPH) (infield hit)
Elijah Benton to third
Batting: SHB Todd Scott 0-0: Ball
1-0: Ball
2-0: SINGLE (Line Drive, 4D, EV 102.5 MPH)
Elijah Benton scores
Bill Cabrera to second
Batting: RHB Jim Towle 0-0: Ball
1-0: Fly out, F8 (Line Drive, 8RD, EV 91.3 MPH)
Batting: SHB Adam Mallow 0-0: Ball
1-0: Swinging Strike
1-1: Called Strike
1-2: Strikes out swinging
Bottom of the 2nd over - 1 run, 3 hits, 0 errors, 2 left on base; University of Nebraska 0 - University of Southern California 1
TOP OF THE 3RD
University of Nebraska Cornhuskers batting - Pitching for University of Southern California Trojans : LHP Adam Mallow
Batting: RHB Chase Briney 0-0: Ball
1-0: Ground out 3-1 (Groundball, 34, EV 86.9 MPH)
Pinch Hitting: RHB Tristan Moody 0-0: Ball
1-0: Ground out 4-3 (Groundball, 4, EV 88.8 MPH)
Batting: SHB Ian Arlotta 0-0: Ball
1-0: Swinging Strike
1-1: Ball
2-1: Foul Ball, location: 2F
2-2: Ball
3-2: Foul Ball, location: 2F
3-2: Strikes out looking
Top of the 3rd over - 0 runs, 0 hits, 0 errors, 0 left on base; University of Nebraska 0 - University of Southern California 1
BOTTOM OF THE 3RD
University of Southern California Trojans batting - Pitching for University of Nebraska Cornhuskers :
Pitching: RHP David Koski
Batting: RHB Hector Fernandez 0-0: Called Strike
0-1: SINGLE (Line Drive, 6D, EV 103.8 MPH)
Batting: LHB Jose Chavez 0-0: Called Strike
0-1: Ball
1-1: Ball
2-1: Grounds into double play, 6-4-3 (Groundball, 6, EV 87.5 MPH)
Batting: LHB Brian Dickeson 0-0: Called Strike
0-1: Foul Ball, location: 2F
0-2: Strikes out looking
Bottom of the 3rd over - 0 runs, 1 hit, 0 errors, 0 left on base; University of Nebraska 0 - University of Southern California 1
TOP OF THE 4TH
University of Nebraska Cornhuskers batting - Pitching for University of Southern California Trojans : LHP Adam Mallow
Batting: RHB Eric Erickson 0-0: Ball
1-0: Ball
2-0: Fly out, F8 (Line Drive, 8RD, EV 103.8 MPH)
Batting: LHB Justin Alworth 0-0: Ground out U3 (Groundball, 3L, EV 82.5 MPH)
Batting: SHB Hank Arias 0-0: Called Strike
0-1: Ball
1-1: Ground out 4-3 (Groundball, 34, EV 110.6 MPH)
Top of the 4th over - 0 runs, 0 hits, 0 errors, 0 left on base; University of Nebraska 0 - University of Southern California 1
BOTTOM OF THE 4TH
University of Southern California Trojans batting - Pitching for University of Nebraska Cornhuskers : RHP David Koski
Batting: LHB Elijah Benton 0-0: SINGLE (Groundball, 34D, EV 101.9 MPH)
Batting: RHB Steve Barnard 0-0: Called Strike
0-1: Foul Ball, location: 2F
0-2: Ball
1-2: Fly out, F7 (Flyball, 7S, EV 85.6 MPH)
Batting: RHB Bill Cabrera 0-0: Foul Ball, location: 2F
0-1: Ball
1-1: Swinging Strike
1-2: 2-RUN HOME RUN (Flyball, 78XD, EV 98.8 MPH), Distance : 469 ft
Batting: SHB Todd Scott 0-0: Ball
1-0: Ball
2-0: SOLO HOME RUN (Flyball, 78XD, EV 99.4 MPH), Distance : 471 ft
Batting: RHB Jim Towle 0-0: Called Strike
0-1: Foul Ball, location: 2F
0-2: Ball
1-2: Foul Ball, location: 2F
1-2: Strikes out swinging
Batting: SHB Adam Mallow 0-0: Called Strike
0-1: Ball
1-1: Swinging Strike
1-2: Foul Ball, location: 2F
1-2: Ball
2-2: Foul Ball, location: 2F
2-2: Strikes out swinging
Bottom of the 4th over - 3 runs, 3 hits, 0 errors, 0 left on base; University of Nebraska 0 - University of Southern California 4
TOP OF THE 5TH
University of Nebraska Cornhuskers batting - Pitching for University of Southern California Trojans : LHP Adam Mallow
Batting: RHB Mark Cahill 0-0: Called Strike
0-1: Swinging Strike
0-2: Ball
1-2: Strikes out swinging
Batting: RHB Geoff Musico 0-0: Called Strike
0-1: Swinging Strike
0-2: Foul Ball, location: 2F
0-2: Foul Ball, location: 2F
0-2: Ball
1-2: Strikes out looking
Batting: RHB Nick Mueller 0-0: Foul Ball, location: 2F
0-1: Foul Ball, location: 2F
0-2: Ball
1-2: Fly out, F9 (Line Drive, 9, EV 97.5 MPH)
Top of the 5th over - 0 runs, 0 hits, 0 errors, 0 left on base; University of Nebraska 0 - University of Southern California 4
BOTTOM OF THE 5TH
University of Southern California Trojans batting - Pitching for University of Nebraska Cornhuskers : RHP David Koski
Batting: RHB Hector Fernandez 0-0: Foul Ball, location: 2F
0-1: Fly out, F6 (Line Drive, 6, EV 64.4 MPH)
Batting: LHB Jose Chavez 0-0: Ball
1-0: DOUBLE (Flyball, 8LXD, EV 108.8 MPH)
Batting: LHB Brian Dickeson 0-0: Ball
1-0: Ball
2-0: Swinging Strike
2-1: Called Strike
2-2: Strikes out swinging
Batting: LHB Elijah Benton 0-0: Ball
1-0: Foul Ball, location: 2F
1-1: Foul Ball, location: 2F
1-2: Ball
2-2: Fly out, F7 (Flyball, 7D, EV 83.1 MPH)
Bottom of the 5th over - 0 runs, 1 hit, 0 errors, 1 left on base; University of Nebraska 0 - University of Southern California 4
TOP OF THE 6TH
University of Nebraska Cornhuskers batting - Pitching for University of Southern California Trojans : LHP Adam Mallow
Batting: RHB Chase Briney 0-0: Swinging Strike
0-1: Fly out, F9 (Flyball, 89S, EV 83.1 MPH)
Pinch Hitting: LHB Kelly Roark 0-0: Called Strike
0-1: Swinging Strike
0-2: Foul Ball, location: 2F
0-2: Ball
1-2: Ball
2-2: Strikes out swinging
Batting: SHB Ian Arlotta 0-0: Called Strike
0-1: Ball
1-1: Foul Ball, location: 2F
1-2: Ball
2-2: Ground out 6-3 (Groundball, 6M, EV 79.4 MPH)
Top of the 6th over - 0 runs, 0 hits, 0 errors, 0 left on base; University of Nebraska 0 - University of Southern California 4
BOTTOM OF THE 6TH
University of Southern California Trojans batting - Pitching for University of Nebraska Cornhuskers : RHP David Koski
Pitching: LHP Jonathan Gendron
Batting: RHB Steve Barnard 0-0: Called Strike
0-1: Ground out 6-3 (Groundball, 6, EV 81.3 MPH)
Batting: RHB Bill Cabrera 0-0: Ball
1-0: Ball
2-0: Ball
3-0: Called Strike
3-1: Called Strike
3-2: Strikes out looking
Batting: SHB Todd Scott 0-0: Ball
1-0: Ball
2-0: Called Strike
2-1: Ball
3-1: SINGLE (Groundball, 34D, EV 95.6 MPH)
Batting: RHB Jim Towle 0-0: Foul Ball, location: 2F
0-1: Fly out, F8 (Flyball, 8LM, EV 83.8 MPH)
Bottom of the 6th over - 0 runs, 1 hit, 0 errors, 1 left on base; University of Nebraska 0 - University of Southern California 4
TOP OF THE 7TH
University of Nebraska Cornhuskers batting - Pitching for University of Southern California Trojans : LHP Adam Mallow
Pitching: RHP Andrew Crosby
Batting: RHB Eric Erickson 0-0: Ball
1-0: Called Strike
1-1: Swinging Strike
1-2: Strikes out swinging
Batting: LHB Justin Alworth 0-0: Ball
1-0: Ball
2-0: SOLO HOME RUN (Flyball, 9D, EV 96.9 MPH), Distance : 388 ft
Batting: SHB Hank Arias 0-0: Ball
1-0: Called Strike
1-1: Called Strike
1-2: Ball
2-2: Ball
3-2: Strikes out swinging
Batting: RHB Mark Cahill 0-0: Ball
1-0: Foul Ball, location: 2F
1-1: Called Strike
1-2: Foul Ball, location: 2F
1-2: Ball
2-2: Fly out, F8 (Flyball, 8LD, EV 87.5 MPH)
Top of the 7th over - 1 run, 1 hit, 0 errors, 0 left on base; University of Nebraska 1 - University of Southern California 4
BOTTOM OF THE 7TH
University of Southern California Trojans batting - Pitching for University of Nebraska Cornhuskers : LHP Jonathan Gendron
Pinch Hitting: LHB Sean Joyce 0-0: Called Strike
0-1: Ball
1-1: Ball
2-1: Called Strike
2-2: Fly out, F7 (Line Drive, 7, EV 102.5 MPH)
Batting: RHB Hector Fernandez 0-0: Foul Ball, location: 2F
0-1: Foul Ball, location: 2F
0-2: SINGLE (Line Drive, 34D, EV 98.1 MPH)
Batting: LHB Jose Chavez 0-0: Called Strike
0-1: 2-RUN HOME RUN (Flyball, 89XD, EV 93.1 MPH), Distance : 424 ft
Batting: LHB Brian Dickeson 0-0: Ball
1-0: Ball
2-0: Ball
3-0: Called Strike
3-1: Foul Ball, location: 2F
3-2: Fly out, F9 (Flyball, 89M, EV 83.8 MPH)
Batting: LHB Elijah Benton 0-0: Called Strike
0-1: Foul Ball, location: 2F
0-2: Ball
1-2: Ball
2-2: Ball
3-2: SINGLE (Groundball, 34D, EV 98.1 MPH)
Pitching: RHP Cory Fischer
Batting: RHB Steve Barnard 0-0: Fly out, F9 (Flyball, 89S, EV 88.8 MPH)
Bottom of the 7th over - 2 runs, 3 hits, 0 errors, 1 left on base; University of Nebraska 1 - University of Southern California 6
TOP OF THE 8TH
University of Nebraska Cornhuskers batting - Pitching for University of Southern California Trojans : RHP Andrew Crosby
Pitching: RHP Moises Gonzalez
Batting: RHB Geoff Musico 0-0: Ball
1-0: Ball
2-0: Called Strike
2-1: Ball
3-1: Fly out, F8 (Flyball, 8LD, EV 84.4 MPH)
Batting: RHB Nick Mueller 0-0: Ball
1-0: Swinging Strike
1-1: Ball
2-1: Ball
3-1: Swinging Strike
3-2: Foul Ball, location: 2F
3-2: Foul Ball, location: 2F
3-2: Foul Ball, location: 2F
3-2: Base on Balls
Batting: RHB Chase Briney 0-0: Swinging Strike
0-1: Foul Ball, location: 2F
0-2: Ball
1-2: Strikes out looking
Pinch Hitting: RHB Dan Burkhart 0-0: Fly out, F9 (Flyball, 89D, EV 95.0 MPH)
Top of the 8th over - 0 runs, 0 hits, 0 errors, 1 left on base; University of Nebraska 1 - University of Southern California 6
BOTTOM OF THE 8TH
University of Southern California Trojans batting - Pitching for University of Nebraska Cornhuskers : RHP Cory Fischer
Pitching: LHP Mike Wasson
Batting: RHB Bill Cabrera 0-0: Ball
1-0: Foul Ball, location: 2F
1-1: Ball
2-1: Ball
3-1: Base on Balls
Batting: SHB Todd Scott 0-0: Ball
1-0: Called Strike
1-1: Ball
2-1: Called Strike
2-2: SINGLE (Line Drive, 34, EV 101.9 MPH)
Bill Cabrera to second
Batting: RHB Jim Towle 0-0: Called Strike
0-1: Foul Ball, location: 2F
0-2: Ball
1-2: Fly out, F4 (Popup, 3S, EV 75.6 MPH)
Pinch Hitting: RHB Adonis Jenifer 0-0: SINGLE (Line Drive, 9S, EV 106.3 MPH)
Bill Cabrera to third
Todd Scott to second
Batting: RHB Hector Fernandez 0-0: Ball
1-0: Swinging Strike
1-1: Swinging Strike
1-2: Ball
2-2: Ball
3-2: Strikes out swinging
Batting: LHB Jose Chavez 0-0: Ball
1-0: Fly out, F6 (Popup, 56D, EV 53.8 MPH)
Bottom of the 8th over - 0 runs, 2 hits, 0 errors, 3 left on base; University of Nebraska 1 - University of Southern California 6
TOP OF THE 9TH
University of Nebraska Cornhuskers batting - Pitching for University of Southern California Trojans : RHP Moises Gonzalez
Pitching: LHP Chris Thomas
Batting: SHB Ian Arlotta 0-0: Called Strike
0-1: Ball
1-1: Called Strike
1-2: Strikes out swinging
Batting: RHB Eric Erickson 0-0: Called Strike
0-1: Fly out, F6 (Flyball, 6D, EV 83.1 MPH)
Batting: LHB Justin Alworth 0-0: Called Strike
0-1: Called Strike
0-2: Strikes out swinging
Top of the 9th over - 0 runs, 0 hits, 0 errors, 0 left on base; University of Nebraska 1 - University of Southern California 6
Thursday, March 31st , 2022 - OOTP Baseball 22.12 Build 89